 Dungeon Crawl Stone Soup version 0.32-a0-909-gc671339a80 (webtiles) character file.

Game seed: 17386074812989691923

19513 HHeCNeOSiFe the Basher (level 12, -4/65 HPs)
             Began as a Vine Stalker Berserker on Apr 4, 2024.
             Was an Elder of Trog.
             Incinerated by a deep elf pyromancer (5 damage)
             ... with a pyre arrow
             ... on level 1 of the Elven Halls on Apr 6, 2024.
             The game lasted 00:33:48 (9570 turns).

HHeCNeOSiFe the Basher (Vine Stalker Berserker)     Turns: 9570, Time: 00:33:49

Health: -4/65      AC: 12    Str: 26    XL:     12   Next: 69%
Magic:  0/13       EV:  9    Int:  7    God:    Trog [****..]
Gold:   52         SH:  9    Dex: 19    Spells: 11/11 levels left

rFire   . . .        k - +8 whip "Arbiter" {drain, rElec rC+ rCorr}
rCold   + . .        I - +3 warlock's mirror {omnireflect}
rNeg    + . .        m - +0 chain mail
rPois   +            z - +0 helmet {SInv} {sInv}
rElec   +            i - scarf {shadows}
rCorr   +            (no gloves)
SInv    +            (no boots)
Will    +....        F - amulet "Buvak" {rN+ Regen+} Stlth
                     y - +6 ring of dexterity
HPRegen 1.90/turn    P - ring of poison resistance
MPRegen 0.13/turn

%: reflection, guardian spirit
@: on fire, glowing
A: fangs 3, regeneration 1, magic shield, antimagic bite, no potion heal 2
a: Renounce Religion, Berserk, Trog's Hand, Brothers in Arms


You were on level 1 of the Elven Halls.
You worshipped Trog.
Trog was greatly pleased with you.
You visited 3 branches of the dungeon, and saw 13 of its levels.

You collected 1416 gold pieces.
You spent 1364 gold pieces at shops.

Inventory:

Hand Weapons
 k - the +8 whip "Arbiter" (weapon) {drain, rElec rC+ rCorr}
   (You found it on level 2 of the Dungeon)

   rC+:       It protects you from cold.
   rElec:     It insulates you from electricity.
   rCorr:     It protects you from acid and corrosion.
 H - a +4 quick blade
Missiles
 l - 17 boomerangs (quivered)
Armour
 i - a scarf of shadows (worn)
 m - a +0 chain mail (worn)
 z - a +0 helmet of see invisible (worn) {sInv}
 I - the +3 warlock's mirror (worn) {omnireflect}
   (You bought it in a shop on level 9 of the Dungeon)

   Omnireflect: It can block and reflect piercing ranged attacks and magical
   attacks against the wielder's willpower.
Jewellery
 o - a ring of flight
 y - a +6 ring of dexterity (left hand)
 E - a ring of fire {rF+, rC-}
 F - the amulet "Buvak" (around neck) {rN+ Regen+}
   (You found it on level 8 of the Dungeon)

   [amulet of regeneration]

   rN+:       It protects you from negative energy.
   Regen+:    It increases your rate of health regeneration.
 P - a ring of poison resistance (right hand)
Wands
 u - a wand of flame (24)
 v - a wand of mindburst (44)
 B - a wand of acid (14)
 D - a wand of digging (4)
Scrolls
 c - 3 scrolls of revelation
 d - 5 scrolls of immolation {!r}
 e - 2 scrolls of enchant weapon
 f - 3 scrolls of fog
 q - a scroll of torment {!r}
 t - 4 scrolls of teleportation
Potions
 a - 3 potions of curing {unknown}
 b - 3 potions of enlightenment {unknown}
 g - a potion of invisibility
 h - 5 potions of heal wounds {unknown}
 j - 3 potions of might {unknown}
 n - a potion of mutation {!q}
 p - 2 potions of resistance
 r - 3 potions of brilliance
 s - 2 potions of attraction {!q}
 A - a potion of haste
Miscellaneous
 w - a lightning rod (4/4)
 G - a Gell's gravitambourine (2/2)


   Skills:
 + Level 8.8 Fighting
 - Level 4.0 Short Blades
 - Level 12.0 Maces & Flails
 + Level 7.5 Armour
 - Level 2.2 Dodging
 - Level 7.0 Shields
 - Level 5.0 Evocations


You had 11 spell levels left.
You didn't know any spells.
Your spell library contained the following spells:

 Spells                   Type           Power      Damage    Failure   Level
 Magic Dart               Conj           0%         1d3       93%         1
 Sting                    Conj/Alch      0%         1d3       93%         1
 Blink                    Tloc           0%         N/A       98%         2
 Call Imp                 Summ           0%         N/A       98%         2
 Momentum Strike          Conj/Tloc      0%         3d8       98%         2
 Sublimation of Blood     Necr           0%         N/A       98%         2
 Passwall                 Erth           0%         N/A       100%        3
 Summon Ice Beast         Ice/Summ       0%         N/A       100%        3
 Volatile Blastmotes      Fire/Tloc      0%         2d10      100%        3
 Petrify                  Alch/Erth      0%         N/A       100%        4
 Vhi's Electric Charge    Tloc/Air       0%         N/A       100%        4
 Arcjolt                  Conj/Air       0%         1d10      100%        5
 Irradiate                Conj/Alch      0%         3d11      100%        5
 Iskenderun's Battlesphe  Conj           0%         2d6       100%        5
 Summon Mana Viper        Hex/Summ       0%         N/A       100%        5
 Bombard                  Conj/Erth      0%         9d1       100%        6
 Monstrous Menagerie      Summ           0%         N/A       100%        7
 Spellforged Servitor     Conj/Summ      0%         N/A       100%        7
 Chain Lightning          Conj/Air       0%         N/A       100%        9
 Fire Storm               Conj/Fire      0%         5d1       100%        9
 Shatter                  Erth           0%         3d5*      100%        9


Dungeon Overview and Level Annotations

Branches:
Dungeon (10/15)            Temple (0/1) D:4             Orc (2/2) D:9
    Elf (1/3) Orc:2
   Lair: D:8-11

Altars:
Ashenzari
Dithmenos
Kikubaaqudgha
Nemelex Xobeh
Trog
Uskayaw
Wu Jian
Yredelemnul
The Shining One
Beogh

Shops:
D:6 =   D:7 *   D:9 [([   Orc:2 ?[(?

Annotations:
Orc:2 3 runed translucent doors, 3 exclusions, redsdead's ghost, journeyman FoFi


Innate Abilities, Weirdness & Mutations

You have razor-sharp teeth.
Your natural rate of healing is unusually fast.
When hurt, damage is shared between your health and your magic reserves.
Your bite disrupts and absorbs the magic of your enemies.
Potions cannot restore your health.


Message History

You are too injured to fight recklessly!
You are too injured to fight recklessly!
You are too injured to fight recklessly!
You are too injured to fight recklessly!
You are too injured to fight recklessly!
You are too injured to fight recklessly!
You are too injured to fight recklessly!
You are too injured to fight recklessly!
You are too injured to fight recklessly!
You are too injured to fight recklessly!
Unknown command.
You hit the deep elf pyromancer. You drain the deep elf pyromancer.
The deep elf pyromancer hits you but does no damage.
The deep elf pyromancer gestures wildly while chanting.
The deep elf pyromancer blinks!
The deep elf pyromancer gestures wildly while chanting.
You barely miss the deep elf pyromancer.
You block the fire elemental's attack. The fire elemental hits you.
The fire elemental burns you!
You take 9 damage, and have 36/65 hp.
You now have 7/13 mp.
You hit the deep elf pyromancer. You drain the deep elf pyromancer.
The fire elemental disappears in a puff of smoke!
The deep elf pyromancer gestures at you while chanting.
The pyre arrow hits you.
You are covered in intense liquid fire!
The fire elemental hits you. The fire elemental burns you!
* * * LOW HITPOINT WARNING * * *
The fire elemental hits you. The fire elemental burns you!
* * * LOW HITPOINT WARNING * * *
The deep elf pyromancer gestures at you while chanting.
The bolt of fire hits you!!
* * * LOW MAGIC WARNING * * *;
* * * LOW HITPOINT WARNING * * *
The bolt of fire hits the fire elemental.
The fire elemental completely resists.
The deep elf pyromancer hits you but does no damage.
You take 35 damage, and have 1/65 hp.
MASSIVE DAMAGE!!
You now have 0/13 mp.
The liquid fire burns you!
You die...

.
#########
.........#
⌠..#..⌠..#
...#○EE.!#
...#Ee@).#
...#.e§..#
⌠..#..e°.#
.........#
#########
.


You could see 3 deep elf pyromancers and 3 fire elementals.

Levels and vault maps discovered:
D:1:      heliophobic_arrival_dark_side_of_the_moon, layout_basic
D:2:      layout_loops_ring, uniq_natasha
D:3:      layout_basic, mainiacjoe_overflow_paths
D:4:      kennysheep_big_flooded_room, layout_basic, minmay_temple_entry_hall,
          uniq_grinder
D:5:      layout_loops_cross, mainiacjoe_overflow_catwalk,
          lemuel_coloured_pillars_altar, uniq_ijyb, uniq_menkaure
D:6:      layout_basic, mainiacjoe_overflow_cross_hatched,
          mainiacjoe_overflow_surrounded_room, serial_shops,
          nicolae_shop_waterfront, uniq_pikel, uniq_blork_the_orc
D:7:      nzn_winding_woodlands_stair_cross [nzn_winding_woodlands_5x15_eye,
          nzn_winding_woodlands_center_diamonds,
          nzn_winding_woodlands_5x15_default,
          nzn_winding_woodlands_5x5_perimeter,
          nzn_winding_woodlands_5x5_default, nzn_winding_woodlands_5x15_pool,
          nzn_winding_woodlands_center_garden,
          nzn_winding_woodlands_5x15_twine], layout_cave_pools,
          kennysheep_little_box, nicolae_shop_overcharged_wands,
          uniq_crazy_yiuf_cottage, uniq_joseph, uniq_prince_ribbit1
D:8:      minmay_the_grid_square_5x5_3x3
          [minmay_the_grid_square_5x5_spiral_small,
          minmay_the_grid_square_5x5_six,
          minmay_the_grid_square_5x5_pentomino_r,
          minmay_the_grid_square_5x5_three_small,
          minmay_the_grid_square_5x5_megaprize_checkered,
          minmay_the_grid_square_5x5_gyroscope,
          minmay_the_grid_square_5x5_checkered,
          minmay_the_grid_square_5x5_spiral, minmay_the_grid_square_5x5_plus],
          layout_basic, evilmike_ruin_ashenzari, kennysheep_small_spiral
D:9:      layout_loops_ring, mainiacjoe_overflow_large_starburst, orc_david_3,
          serial_shops, nicolae_shop_temple_entry_statues_fountains
D:10:     layout_cave_pools, old_standard_altar, serial_gnoll_camp,
          gnoll_camp_medium_02, gnoll_camp_huts_basic, gnoll_camp_mini_doghouse,
          gnoll_camp_mini_loothouse, gnoll_camp_mini_hut,
          kennysheep_small_circle, uniq_erica
Orc:1:    layout_caves, basic_altar
Orc:2:    st_orc_rangers, layout_diamond_mine, maelrawn_ghost_gauntlet_escape
Elf:1:    nicolae_elf_arrival_fired_up, layout_gridlike,
          nicolae_elf_theology_debate, minmay_shop_enchanted_jewellery,
          grunt_megastairs_3

Notes
Turn   | Place    | Note
-------+----------+-------------------------------------------
     0 | D:1      | HHeCNeOSiFe the Vine Stalker Berserker began the quest for
                  | the Orb.
     0 | D:1      | Reached XP level 1. HP: 11/11 MP: 2/2
    91 | D:1      | Identified a +0 club
   132 | D:1      | Identified a +0 dagger
   243 | D:1      | Reached XP level 2. HP: 16/16 MP: 3/3
   290 | D:1      | Identified a +0 dagger
   336 | D:1      | Reached skill level 3 in Fighting
   379 | D:1      | Identified a +0 club
   474 | D:1      | Reached skill level 2 in Armour
   507 | D:1      | Reached XP level 3. HP: 16/20 MP: 2/4
   752 | D:1      | Reached ** piety under Trog
   956 | D:2      | Reached skill level 3 in Short Blades
  1218 | D:2      | Reached skill level 2 in Dodging
  1262 | D:2      | Reached XP level 4. HP: 24/24 MP: 5/5
  1287 | D:2      | Identified a +0 short sword
  1370 | D:2      | Identified a +0 leather armour
  1425 | D:2      | Noticed Natasha
  1429 | D:2      | Killed Natasha
  1506 | D:2      | Identified a +0 dagger
  1520 | D:2      | Noticed Natasha
  1527 | D:2      | Identified a +1 spear
  1530 | D:2      | Killed Natasha
  1562 | D:2      | Noticed Natasha
  1564 | D:2      | Identified a +1 spear
  1570 | D:2      | Reached XP level 5. HP: 20/29 MP: 3/6
  1572 | D:2      | Identified a +0 spear
  1579 | D:2      | Killed Natasha
  1598 | D:2      | Identified the +8 whip "Arbiter" {drain, rElec rC+ rCorr}
  1610 | D:2      | Identified a +0 robe
  1616 | D:2      | Identified a ring of magical power
  1701 | D:3      | Identified a ring of wizardry
  1722 | D:3      | Identified a +0 plate armour
  1726 | D:3      | Identified a +0 dagger
  1741 | D:3      | Identified a +0 club
  1781 | D:3      | Identified a +0 club
  1782 | D:3      | Identified a +0 dagger
  1850 | D:3      | Found a basalt altar of Yredelemnul.
  1919 | D:3      | Identified a +0 chain mail
  1956 | D:3      | Identified a +0 flail
  1956 | D:3      | Identified a +0 mace
  1960 | D:3      | Reached skill level 1 in Maces & Flails
  1975 | D:3      | Identified a ring of flight
  2102 | D:3      | Identified +0 gold dragon scales
  2330 | D:4      | Identified a +0 hand axe
  2330 | D:4      | Identified a +0 flail
  2330 | D:4      | Identified a +0 dagger
  2330 | D:4      | Identified a +0 robe
  2334 | D:4      | Reached skill level 2 in Maces & Flails
  2334 | D:4      | Reached XP level 6. HP: 25/33 MP: 7/7
  2353 | D:4      | Reached *** piety under Trog
  2369 | D:4      | Identified a ring of poison resistance
  2453 | D:4      | Found a staircase to the Ecumenical Temple.
  2477 | D:4      | Reached skill level 4 in Short Blades
  2477 | D:4      | Reached skill level 3 in Maces & Flails
  2580 | D:4      | Noticed Grinder
  2584 | D:4      | Identified a +0 dagger
  2599 | D:4      | Identified a +0 dagger
  2601 | D:4      | Killed Grinder
  2602 | D:4      | Reached skill level 4 in Maces & Flails
  2602 | D:4      | Reached XP level 7. HP: 34/37 MP: 8/8
  2606 | D:4      | Identified a +0 rapier
  2655 | D:4      | Identified a +0 dagger
  2844 | D:5      | Entered Level 5 of the Dungeon
  2844 | D:5      | Identified a +0 giant club
  2852 | D:5      | Reached skill level 5 in Maces & Flails
  2906 | D:5      | Identified a +2 whip of electrocution
  2934 | D:5      | Identified a +0 flail
  2935 | D:5      | Identified a +0 club
  2937 | D:5      | Identified a +0 falchion
  2967 | D:5      | Found a glowing golden altar of the Shining One.
  3041 | D:5      | Reached skill level 6 in Maces & Flails
  3041 | D:5      | Gained mutation: You have razor-sharp teeth. [Vine Stalker
                  | growth]
  3041 | D:5      | Reached XP level 8. HP: 41/42 MP: 9/9
  3081 | D:5      | Identified a +0 giant spiked club
  3138 | D:5      | Identified a +0 dagger
  3138 | D:5      | Identified a +0 leather armour
  3138 | D:5      | Noticed Ijyb
  3144 | D:5      | Killed Ijyb
  3381 | D:5      | Identified a +0 dagger
  3381 | D:5      | Identified a +0 robe
  3383 | D:5      | Identified a +0 flail
  3383 | D:5      | Identified a +0 scale mail
  3386 | D:5      | Identified a +0 dagger
  3386 | D:5      | Identified a +0 robe
  3399 | D:5      | Identified a +0 whip
  3399 | D:5      | Identified a +0 leather armour
  3401 | D:5      | Identified a +0 club
  3402 | D:5      | Identified a +0 spear
  3404 | D:5      | Identified a +0 club
  3405 | D:5      | Reached skill level 7 in Maces & Flails
  3405 | D:5      | Identified a +0 giant club
  3405 | D:5      | Identified a +0 spear
  3521 | D:5      | Identified a +0 buckler
  3530 | D:5      | Noticed Menkaure
  3536 | D:5      | Killed Menkaure
  3537 | D:5      | Reached skill level 8 in Maces & Flails
  3537 | D:5      | Reached skill level 1 in Shields
  3610 | D:5      | Found a shadowy altar of Dithmenos.
  3627 | D:6      | Identified 3 scrolls of identify
  3627 | D:6      | Identified a potion of attraction
  3628 | D:6      | Identified a scroll of enchant armour
  3629 | D:6      | Identified a scroll of fog
  3630 | D:6      | Identified 3 scrolls of revelation
  3631 | D:6      | Identified 2 scrolls of torment
  3632 | D:6      | Identified 3 scrolls of immolation
  3633 | D:6      | Identified a scroll of poison
  3634 | D:6      | Identified a scroll of enchant weapon
  3702 | D:6      | Identified a potion of brilliance
  3703 | D:6      | Identified a potion of haste
  3730 | D:6      | Identified a +0 trident
  3730 | D:6      | Identified a +0 robe
  3730 | D:6      | Noticed Blork the orc
  3741 | D:6      | Killed Blork the orc
  3760 | D:6      | Identified a +0 hand axe
  3760 | D:6      | Identified a +0 leather armour
  3761 | D:6      | Identified a +0 club
  3763 | D:6      | Identified a +0 flail
  3788 | D:6      | Identified a +0 dagger
  3800 | D:6      | Identified a +0 orcbow
  3807 | D:6      | Reached XP level 9. HP: 32/45 MP: 10/10
  3864 | D:6      | Found a hide-covered altar of Uskayaw.
  3874 | D:6      | Reached skill level 2 in Shields
  3882 | D:6      | Found Xuuliy's Jewellery Boutique.
  3892 | D:6      | Identified a +0 giant spiked club
  3892 | D:6      | Identified a +0 halberd
  3892 | D:6      | Identified a +0 arbalest
  3892 | D:6      | Identified a +0 chain mail
  3924 | D:6      | Reached skill level 9 in Maces & Flails
  3934 | D:6      | Identified a +0 hand axe
  4011 | D:6      | Identified a +0 dagger
  4045 | D:6      | Reached skill level 3 in Shields
  4098 | D:6      | Found a bloodstained altar of Trog.
  4099 | D:6      | You fall into a shaft and drop 3 floors!
  4109 | D:9      | Identified a +0 flail
  4109 | D:9      | Identified a +0 dagger
  4109 | D:9      | Identified a +0 robe
  4109 | D:9      | Identified a +0 dagger
  4109 | D:9      | Identified a +0 robe
  4110 | D:9      | Identified a +0 mace
  4110 | D:9      | Identified a +0 leather armour
  4112 | D:9      | Noticed a troll
  4145 | D:9      | Killed a troll
  4145 | D:9      | Identified a +0 troll leather armour
  4147 | D:9      | Reached **** piety under Trog
  4167 | D:6      | Identified a +0 shortbow
  4207 | D:6      | Identified a +0 sling
  4256 | D:6      | Identified a +1 whip of flaming
  4256 | D:6      | Identified a +0 robe
  4256 | D:6      | Noticed Pikel
  4264 | D:6      | Killed Pikel
  4265 | D:6      | Reached skill level 10 in Maces & Flails
  4265 | D:6      | Reached skill level 4 in Shields
  4447 | D:6      | Identified a +6 ring of dexterity
  4564 | D:7      | Identified a scroll of teleportation
  4565 | D:7      | Identified a scroll of vulnerability
  4603 | D:7      | Identified a +0 quarterstaff
  4603 | D:7      | Identified a +0 sling
  4603 | D:7      | Identified a +0 leather armour
  4603 | D:7      | Noticed Joseph
  4603 | D:7      | Identified a +0 trident
  4603 | D:7      | Identified a +0 hand axe
  4603 | D:7      | Identified a +0 scale mail
  4603 | D:7      | Identified a +0 short sword
  4603 | D:7      | Identified a +0 dagger
  4603 | D:7      | Identified a +0 robe
  4608 | D:7      | Killed Joseph
  4609 | D:7      | Reached XP level 10. HP: 49/49 MP: 11/11
  4620 | D:7      | Upgraded the game from 0.32-a0-898-g7811c86cf0 to
                  | 0.32-a0-909-gc671339a80
  4641 | D:7      | Reached skill level 4 in Fighting
  4647 | D:7      | Reached skill level 3 in Armour
  4652 | D:7      | Identified a +0 halberd
  4652 | D:7      | Identified a +0 orcbow
  4652 | D:7      | Identified a +0 chain mail
  4652 | D:7      | Noticed a white ugly thing
  4658 | D:7      | Identified a +0 spear
  4658 | D:7      | Identified a +0 ring mail
  4661 | D:7      | Reached skill level 5 in Shields
  4664 | D:7      | Identified a +0 battleaxe
  4664 | D:7      | Identified a +0 chain mail
  4673 | D:7      | Killed a white ugly thing
  4673 | D:7      | Identified a +0 club
  4673 | D:7      | Identified a +0 leather armour
  4684 | D:7      | Identified a +5 mace
  4684 | D:7      | Identified a +0 robe
  4699 | D:7      | Reached skill level 11 in Maces & Flails
  4763 | D:7      | Identified a +0 dagger
  4763 | D:7      | Identified a +0 robe
  4763 | D:7      | Identified a +0 orcbow
  4763 | D:7      | Identified a +0 club
  4763 | D:7      | Identified a +0 ring mail
  4767 | D:7      | Noticed Prince Ribbit
  4779 | D:7      | Killed Prince Ribbit
  4797 | D:7      | Identified a +3 trident of freezing
  4797 | D:7      | Identified a +0 ring mail
  4847 | D:7      | Identified a +1 whip of holy wrath
  4852 | D:7      | Found an ancient bone altar of Kikubaaqudgha.
  4852 | D:7      | Identified a +0 scimitar
  4852 | D:7      | Identified a +0 chain mail
  4852 | D:7      | Identified a +0 hand axe
  4852 | D:7      | Identified a +0 leather armour
  4852 | D:7      | Identified a +1 dagger of speed
  4852 | D:7      | Identified a +0 robe
  4852 | D:7      | Identified a +0 dagger
  4852 | D:7      | Identified a +0 robe
  4878 | D:7      | Identified a +0 scale mail
  4917 | D:7      | Identified a +0 club
  4946 | D:7      | Identified a +0 dagger
  4946 | D:7      | Identified a +0 robe
  4963 | D:7      | Identified a +0 orcbow
  4963 | D:7      | Noticed a centaur warrior
  4974 | D:7      | Killed a centaur warrior
  4986 | D:7      | Reached skill level 4 in Armour
  5015 | D:7      | Identified an orb of light
  5048 | D:7      | Reached skill level 5 in Fighting
  5049 | D:7      | Identified a +0 short sword
  5049 | D:7      | Identified a +0 chain mail
  5049 | D:7      | Identified a +0 battleaxe
  5049 | D:7      | Identified a +0 chain mail
  5104 | D:7      | Found a runed translucent door.
  5105 | D:7      | Identified a +2 quarterstaff of chaos
  5105 | D:7      | Identified a +0 cloak
  5105 | D:7      | Noticed Crazy Yiuf
  5269 | D:7      | Identified a +0 robe
  5282 | D:7      | Found Lufioph's Overcharged Wands.
  5460 | D:7      | Identified a +0 scale mail
  5558 | D:7      | Killed Crazy Yiuf
  5569 | D:7      | Identified a +0 hammer
  5578 | D:7      | Identified a potion of mutation
  5652 | D:8      | Found a broken altar of Ashenzari.
  5670 | D:8      | Identified a +0 halberd
  5684 | D:8      | Reached XP level 11. HP: 55/56 MP: 10/12
  5686 | D:8      | Reached skill level 6 in Shields
  5702 | D:8      | Identified a +0 robe
  5722 | D:8      | Identified a ring of fire
  5725 | D:8      | Identified a +2 dagger of holy wrath
  5725 | D:8      | Identified a +0 robe
  5725 | D:8      | Identified a +0 short sword
  5725 | D:8      | Identified a +0 orcbow
  5725 | D:8      | Identified a +0 chain mail
  5737 | D:8      | Identified a +0 dagger
  5737 | D:8      | Identified a +0 robe
  5842 | D:8      | Identified a +0 short sword
  5842 | D:8      | Identified a +0 club
  5842 | D:8      | Identified a +0 ring mail
  5842 | D:8      | Identified a +0 dagger
  5842 | D:8      | Identified a +0 robe
  5860 | D:8      | Identified a +0 scimitar
  5860 | D:8      | Identified a +0 chain mail
  5882 | D:8      | Identified a +0 dire flail
  5882 | D:8      | Identified a +0 chain mail
  5911 | D:8      | Identified a +0 whip
  5911 | D:8      | Identified a +0 robe
  5979 | D:8      | Identified a +0 dagger
  5979 | D:8      | Identified a +0 robe
  5979 | D:8      | Noticed a cyan ugly thing
  5981 | D:8      | Identified a +2 heavy battleaxe
  5981 | D:8      | Identified a +0 shortbow
  5981 | D:8      | Identified an amulet of guardian spirit
  5981 | D:8      | Noticed a centaur warrior
  5995 | D:8      | Killed a cyan ugly thing
  5998 | D:8      | Identified +2 steam dragon scales
  5999 | D:8      | Killed a centaur warrior
  6000 | D:8      | Reached skill level 12 in Maces & Flails
  6031 | D:8      | Identified a +0 robe
  6031 | D:8      | Identified the amulet "Buvak" {rN+ Regen+}
  6033 | D:8      | Identified a +0 dagger
  6044 | D:8      | Identified a +0 short sword
  6044 | D:8      | Identified a +0 robe
  6052 | D:8      | Reached skill level 6 in Fighting
  6121 | D:8      | Identified a +0 dagger
  6121 | D:8      | Identified a +0 leather armour
  6134 | D:8      | Identified a +3 war axe
  6186 | D:8      | Identified a +0 spear
  6186 | D:8      | Identified a +0 robe
  6186 | D:8      | Identified a +0 long sword
  6186 | D:8      | Identified a +0 plate armour
  6441 | D:8      | Reached skill level 1 in Evocations
  6501 | D:8      | Got Nosit's Spellbook of the Barrage
  6558 | D:8      | Identified a +0 dagger
  6702 | D:8      | Identified a +0 dagger
  6702 | D:8      | Identified a +0 short sword
  6703 | D:8      | Identified a scroll of noise
  6704 | D:8      | Identified a +0 short sword
  6705 | D:8      | Identified a +0 dagger
  6716 | D:8      | Reached ***** piety under Trog
  6741 | D:8      | Reached skill level 5 in Armour
  6848 | D:8      | Identified a scroll of amnesia
  6870 | D:9      | Identified a +0 whip
  6872 | D:9      | Identified a +0 short sword
  6874 | D:9      | Identified a +0 short sword
  6876 | D:9      | Identified a +0 short sword
  6881 | D:9      | Identified a +0 giant club
  6881 | D:9      | Identified a +0 giant spiked club
  6881 | D:9      | Noticed a two-headed ogre
  6881 | D:9      | Identified a +0 short sword
  6899 | D:9      | Killed a two-headed ogre
  6904 | D:9      | Identified +0 acid dragon scales
  6913 | D:9      | Identified a +0 trident
  6913 | D:9      | Identified a +0 chain mail
  6921 | D:9      | Identified a +0 dagger
  6921 | D:9      | Identified a +0 robe
  6928 | D:9      | Identified a +2 whip of flaming
  6928 | D:9      | Identified a +0 short sword
  6928 | D:9      | Identified a +0 leather armour
  6929 | D:9      | Identified a +0 hand axe
  6929 | D:9      | Identified a +0 leather armour
  6930 | D:9      | Reached skill level 2 in Evocations
  6941 | D:9      | Identified a +0 hand axe
  6959 | D:9      | Identified a +0 dagger
  6959 | D:9      | Identified a +0 robe
  6966 | D:9      | Reached skill level 7 in Shields
  6982 | D:9      | Identified a +0 hand axe
  6982 | D:9      | Identified a +0 chain mail
  6983 | D:9      | Found Okesoxt's Weapon Emporium.
  6984 | D:9      | Found a staircase to the Orcish Mines.
  6985 | D:9      | Identified a +0 flail
  6991 | D:9      | Found Ociynty's Armour Emporium.
  7001 | D:9      | Identified a +0 trident
  7001 | D:9      | Identified a +0 scale mail
  7026 | D:9      | Bought a +0 helmet of see invisible for 184 gold pieces
  7037 | D:9      | Identified a scroll of blinking
  7078 | D:9      | Identified a +1 falchion of holy wrath
  7095 | D:9      | Found Vureidoc's Antique Armour Emporium.
  7095 | D:9      | Identified a +0 short sword
  7183 | D:9      | Found a sparkling altar of Nemelex Xobeh.
  7183 | D:9      | Found an ornate altar of the Wu Jian Council.
  7187 | D:9      | Identified a +0 dagger
  7187 | D:9      | Identified a +0 robe
  7191 | D:9      | Identified a +0 hand axe
  7193 | D:9      | Identified a +4 quick blade (Trog gifted it to you on level
                  | 9 of the Dungeon)
  7193 | D:9      | Received a gift from Trog
  7197 | D:9      | Identified a +0 club
  7199 | D:9      | Identified a +0 club
  7199 | D:9      | Identified a +0 ring mail
  7470 | D:10     | Entered Level 10 of the Dungeon
  7509 | Orc:1    | Entered Level 1 of the Orcish Mines
  7509 | Orc:1    | Identified a +0 dagger
  7509 | Orc:1    | Identified a +0 robe
  7509 | Orc:1    | Found a roughly hewn altar of Beogh.
  7510 | Orc:1    | Identified a +0 mace
  7510 | Orc:1    | Identified a +0 leather armour
  7514 | Orc:1    | Identified a +0 dagger
  7514 | Orc:1    | Identified a +0 robe
  7533 | Orc:1    | Identified a +0 long sword
  7533 | Orc:1    | Identified a +0 orcbow
  7533 | Orc:1    | Identified a +0 chain mail
  7533 | Orc:1    | Identified a +0 whip
  7542 | Orc:1    | Identified a +0 mace
  7542 | Orc:1    | Identified a +0 leather armour
  7544 | Orc:1    | Identified a +0 dagger
  7544 | Orc:1    | Identified a +0 robe
  7545 | Orc:1    | Identified a +0 glaive
  7545 | Orc:1    | Identified a +0 plate armour
  7548 | Orc:1    | Identified a +0 falchion
  7555 | Orc:1    | Identified a +0 dagger
  7557 | Orc:1    | Identified a +0 dagger
  7557 | Orc:1    | Identified a +0 robe
  7644 | Orc:1    | Identified a +0 giant club
  7745 | Orc:2    | Entered Level 2 of the Orcish Mines
  7769 | Orc:2    | Found a staircase to the Elven Halls.
  7819 | Orc:2    | Identified a +0 giant club
  7883 | Orc:2    | Identified a +0 giant spiked club
  7907 | Orc:2    | Identified a +0 war axe
  7907 | Orc:2    | Identified a +0 orcbow
  7907 | Orc:2    | Identified a +0 plate armour
  7910 | Orc:2    | Identified a +0 hand axe
  7910 | Orc:2    | Noticed an orc high priest
  8005 | Orc:2    | Identified a +0 orcbow
  8006 | Orc:2    | Identified a +0 arbalest
  8006 | Orc:2    | Identified a +0 orcbow
  8006 | Orc:2    | Identified a +0 war axe
  8006 | Orc:2    | Identified a +0 ring mail
  8006 | Orc:2    | Identified a +0 orcbow
  8006 | Orc:2    | Identified a +0 broad axe
  8006 | Orc:2    | Identified a +0 leather armour
  8006 | Orc:2    | Identified a +0 orcbow
  8006 | Orc:2    | Identified a +0 broad axe
  8006 | Orc:2    | Identified a +0 leather armour
  8006 | Orc:2    | Identified a +0 orcbow
  8006 | Orc:2    | Identified a +0 morningstar
  8006 | Orc:2    | Identified a +0 leather armour
  8006 | Orc:2    | Identified a +0 orcbow
  8006 | Orc:2    | Identified a +0 battleaxe
  8006 | Orc:2    | Identified a +0 ring mail
  8007 | Orc:2    | Identified a +0 orcbow
  8007 | Orc:2    | Identified a +0 arbalest
  8007 | Orc:2    | Identified a +0 orcbow
  8007 | Orc:2    | Identified a +0 hand axe
  8007 | Orc:2    | Identified a +0 leather armour
  8007 | Orc:2    | Identified a +0 orcbow
  8007 | Orc:2    | Noticed a centaur warrior
  8007 | Orc:2    | Identified a +0 orcbow
  8007 | Orc:2    | Identified a +0 orcbow
  8007 | Orc:2    | Identified a +0 battleaxe
  8007 | Orc:2    | Identified a +0 ring mail
  8020 | Orc:2    | Identified a +0 giant spiked club
  8020 | Orc:2    | Identified a +0 giant club
  8061 | Orc:2    | Reached skill level 3 in Evocations
  8064 | Orc:2    | Reached skill level 7 in Fighting
  8077 | Orc:2    | Reached XP level 12. HP: 55/63 MP: 13/13
  8090 | Orc:2    | Reached skill level 6 in Armour
  8096 | Orc:2    | Identified a +0 scimitar
  8096 | Orc:2    | Identified a +0 orcbow
  8096 | Orc:2    | Identified a +0 chain mail
  8182 | Orc:2    | Identified a +0 orcbow
  8193 | Orc:1    | Identified a +0 short sword
  8193 | Orc:1    | Identified a +0 plate armour
  8193 | Orc:1    | Identified a +0 dagger
  8193 | Orc:1    | Identified a +1 dagger of electrocution
  8193 | Orc:1    | Identified a +0 giant spiked club
  8193 | Orc:1    | Identified a +0 dagger
  8193 | Orc:1    | Identified a +0 robe
  8193 | Orc:1    | Identified a +0 dagger
  8193 | Orc:1    | Identified a +0 robe
  8196 | Orc:1    | Identified a +0 falchion
  8196 | Orc:1    | Identified a +0 dagger
  8196 | Orc:1    | Identified a +0 leather armour
  8350 | Orc:2    | Identified a +0 shortbow
  8351 | Orc:2    | Identified a +0 plate armour
  8351 | Orc:2    | Noticed a minotaur
  8354 | Orc:2    | Identified a +0 ring mail
  8360 | Orc:2    | Identified a +0 giant spiked club
  8362 | Orc:2    | Noticed redsdead's ghost (journeyman FoFi)
  8398 | Orc:2    | Identified a +0 short sword
  8398 | Orc:2    | Identified a +0 plate armour
  8461 | D:9      | Bought the +3 warlock's mirror {omnireflect} for 1000 gold
                  | pieces
  8461 | D:9      | Found the +3 warlock's mirror {omnireflect}
  8561 | Orc:2    | Identified a +0 orcbow
  8561 | Orc:2    | Identified a +0 great mace
  8561 | Orc:2    | Identified a +0 ring mail
  8564 | Orc:2    | Found a runed translucent gate.
  8564 | Orc:2    | Found a runed translucent gate.
  8564 | Orc:2    | Found a runed translucent gate.
  8568 | Orc:2    | Identified a +0 dire flail
  8568 | Orc:2    | Identified a +0 chain mail
  8568 | Orc:2    | Identified a +0 orcbow
  8568 | Orc:2    | Identified a +0 battleaxe
  8568 | Orc:2    | Identified a +0 ring mail
  8571 | Orc:2    | Identified a +0 arbalest
  8571 | Orc:2    | Identified a +0 glaive
  8571 | Orc:2    | Identified a +0 ring mail
  8579 | Orc:2    | Reached skill level 4 in Evocations
  8585 | Orc:2    | Identified a +0 dagger
  8585 | Orc:2    | Identified a +0 robe
  8590 | Orc:2    | Identified a +0 club
  8596 | Orc:2    | Identified a +0 club
  8599 | Orc:2    | Identified a +0 mace of protection
  8599 | Orc:2    | Identified a +0 plate armour
  8599 | Orc:2    | Identified a +0 arbalest of flaming
  8600 | Orc:2    | Identified a +0 orcbow
  8600 | Orc:2    | Identified a +0 great mace
  8600 | Orc:2    | Identified a +0 leather armour
  8601 | Orc:2    | Identified a +0 arbalest
  8603 | Orc:2    | Identified a +0 halberd
  8603 | Orc:2    | Identified a +0 chain mail
  8606 | Orc:2    | Identified a +0 dagger of holy wrath
  8606 | Orc:2    | Identified a +2 robe
  8631 | Orc:2    | Identified a +0 dagger
  8631 | Orc:2    | Identified a +0 robe
  8635 | Orc:2    | Identified a +0 war axe
  8635 | Orc:2    | Identified a +0 plate armour
  8635 | Orc:2    | HP: 10/63 [kobold blastminer/iron shot (36)]
  8635 | Orc:2    | Identified a +0 glaive
  8635 | Orc:2    | Identified a +0 plate armour
  8643 | Orc:1    | HP: 19/94 [warg[an orc knight] (7)]
  8645 | Orc:1    | HP: 7/94 [warg[an orc knight] (13)]
  8769 | Orc:2    | Identified a +0 dagger
  8769 | Orc:2    | Identified a +0 leather armour
  8774 | Orc:1    | HP: 22/90 [centaur warrior (3)]
  8777 | Orc:1    | Killed a centaur warrior
  8806 | Orc:2    | Identified a +0 shortbow
  8806 | Orc:2    | Identified a +0 flail
  8806 | Orc:2    | Identified a +0 scale mail
  8822 | Orc:1    | Reached skill level 8 in Fighting
  8839 | Orc:2    | Identified a +0 hand axe
  8839 | Orc:2    | Identified a +0 ring mail
  8839 | Orc:2    | Identified a +0 glaive
  8839 | Orc:2    | Identified a +0 orcbow
  8839 | Orc:2    | Identified a +0 chain mail
  8848 | Orc:2    | Identified a +0 short sword
  8848 | Orc:2    | Identified a +0 chain mail
  8849 | Orc:2    | Identified a +0 giant club
  8849 | Orc:2    | Identified a +0 giant club
  8852 | Orc:2    | Identified a +0 long sword
  8852 | Orc:2    | Identified a +0 plate armour
  8855 | Orc:2    | Identified a +0 orcbow
  8855 | Orc:2    | Identified a +0 glaive
  8855 | Orc:2    | Identified a +0 ring mail
  8855 | Orc:2    | Identified a +0 glaive
  8855 | Orc:2    | Identified a +0 chain mail
  8883 | Orc:1    | Reached skill level 5 in Evocations
  8896 | Orc:2    | Identified a +0 orcbow
  8896 | Orc:2    | Identified a +0 trident
  8896 | Orc:2    | Identified a +0 leather armour
  8908 | Orc:2    | HP: 12/64 [orc warrior/+0 glaive (6)]
  8958 | Orc:1    | Identified a potion of invisibility
  8959 | Orc:1    | Identified 2 potions of resistance
  8979 | Orc:2    | Reached skill level 7 in Armour
  8992 | Orc:2    | Identified a +0 orcbow
  8992 | Orc:2    | Identified a +0 hand axe
  8992 | Orc:2    | Identified a +0 leather armour
  8994 | Orc:2    | Identified a +0 orcbow
  8994 | Orc:2    | Identified a +0 mace
  8994 | Orc:2    | Identified a +0 leather armour
  8996 | Orc:2    | Identified a +0 long sword
  8996 | Orc:2    | Identified a +0 chain mail
  9084 | Orc:2    | Identified a +0 arbalest
  9084 | Orc:2    | Identified a +0 great mace
  9084 | Orc:2    | Identified a +0 ring mail
  9250 | Orc:2    | Identified a +0 orcbow
  9250 | Orc:2    | Identified a +0 broad axe
  9250 | Orc:2    | Identified a +0 ring mail
  9251 | Orc:2    | Identified a +0 orcbow
  9251 | Orc:2    | Identified a +0 great mace
  9251 | Orc:2    | Identified a +0 leather armour
  9304 | Orc:2    | Found Zadaaxo's Antique Weapon Shop.
  9304 | Orc:2    | Found Veniqate's Armour Emporium.
  9306 | Orc:2    | Found Aczioliu's Magic Scroll Shoppe.
  9308 | Orc:2    | Found Weezam's Magic Scroll Boutique.
  9319 | Orc:2    | Bought a scarf of shadows for 180 gold pieces
  9555 | Elf:1    | Entered Level 1 of the Elven Halls
  9555 | Elf:1    | Identified a +0 dagger
  9555 | Elf:1    | Identified a +0 ring mail
  9555 | Elf:1    | Identified a +0 long sword
  9555 | Elf:1    | Identified a +2 vampiric long sword
  9555 | Elf:1    | Identified a +0 dagger
  9569 | Elf:1    | HP: 1/65 [deep elf pyromancer/bolt of fire (21)]
  9570 | Elf:1    | Incinerated by a deep elf pyromancer

Table legend: (Time is in decaauts)
 A = Elapsed time spent in this place.
 B = Non-inter-level travel time spent in this place.
 C = Inter-level travel time spent in this place.
 D = Time resting spent in this place.
 E = Time spent auto-exploring this place.
 F = Levels seen in this place.
 G = Mean time per level.
                   A        B        C        D        E       F      G
               +--------+--------+--------+--------+--------+-----+--------+
         Total |   9342 |   8828 |    514 |    323 |   6442 |  13 |  718.6 |
       Dungeon |   7453 |   7070 |    383 |    150 |   5496 |  10 |  745.3 |
  Orcish Mines |   1879 |   1748 |    131 |    173 |    946 |   2 |  939.5 |
   Elven Halls |      9 |      9 |      0 |      0 |      0 |   1 |    9.0 |
               +--------+--------+--------+--------+--------+-----+--------+

Top non-repeatable levels by time:
     D:8: 1203 daAuts
   Orc:2: 1180 daAuts
     D:7: 980 daAuts
     D:1: 937 daAuts
     D:6: 912 daAuts
     D:5: 783 daAuts
     D:2: 753 daAuts
     D:9: 709 daAuts
   Orc:1: 698 daAuts
     D:3: 637 daAuts
     D:4: 518 daAuts
    D:10: 17 daAuts
   Elf:1: 9 daAuts

Table legend:
 A = Kills in this place as a percentage of kills in the entire game.
 B = Kills by you in this place as a percentage of kills by you in the entire game.
 C = Kills by friends in this place as a percentage of kills by friends in the entire game.
 D = Other kills in this place as a percentage of other kills in the entire game.
 E = Experience gained in this place as a percentage of experience gained in the entire game.
 F = Experience gained in this place divided by the number of levels of this place that you have seen.
                   A       B       C       D       E      F
               +-------+-------+-------+-------+-------+----------------------
         Total | 100.0 | 100.0 | 100.0 |   N/A | 100.0 | 2144.3
       Dungeon |  76.7 |  76.7 |  75.0 |   N/A |  56.3 | 1570.3
  Orcish Mines |  23.0 |  23.0 |  25.0 |   N/A |  41.5 | 5784.0
   Elven Halls |   0.3 |   0.3 |   0.0 |   N/A |   2.2 | 605.0
               +-------+-------+-------+-------+-------+----------------------

Skill      XL: |  1  2  3  4  5  6  7  8  9 10 11 12 |
---------------+-------------------------------------+-----
Fighting       | 3 5 7 8 |  8.8
Armour         | 2 4 5 7 |  7.5
Short Blades   | 3 4 |  4.0
Dodging        | 2 |  2.2
Maces & Flails | 2 4 6 8 10 11 12 | 12.0
Shields        | 1 4 5 7 |  7.0
Evocations     | 3 5 |  5.0

Action                     |  1- 3 |  4- 6 |  7- 9 | 10-12 || total
---------------------------+-------+-------+-------+-------++-------
  Melee: Short sword       |   136 |    36 |       |       ||   172
         Bite              |    28 |    32 |    48 |   207 ||   315
         Whip              |       |    69 |   165 |   603 ||   837
  Throw: Boomerang         |       |       |       |     1 ||     1
 Invoke: Berserk           |       |     2 |     6 |     5 ||    13
         Trog's Hand       |       |     2 |     2 |     4 ||     8
         Brothers in Arms  |       |       |       |     3 ||     3
  Evoke: Wand              |       |       |     1 |     1 ||     2
    Use: Scroll            |       |       |    12 |     8 ||    20
         Potion            |       |       |       |     1 ||     1
   Stab: Sleeping          |     5 |       |       |       ||     5
         Distracted        |     1 |       |       |       ||     1
 Armour: Animal skin       |    65 |       |       |       ||    65
         Leather armour    |       |    28 |       |       ||    28
         Chain mail        |       |    37 |   151 |   331 ||   519
  Dodge: Dodged            |    84 |    46 |    62 |   149 ||   341
  Block: Buckler           |       |       |    24 |   191 ||   215
         Reflection        |       |       |       |    20 ||    20

Vanquished Creatures
  3 centaur warriors
  A two-headed ogre (D:9)
  4 orc knights
  A deep elf zephyrmancer (Elf:1)
  Pikel (D:6)
  2 ugly things
  An orc sorcerer (Orc:1)
  5 kobold blastminers
  Joseph (D:7)
  2 kobold demonologists
  2 trolls
  A hornet (D:8)
  Prince Ribbit (D:7)
  Grinder (D:4)
  A wyvern (D:8)
  2 steam dragons
  2 wargs (Orc:1)
  Menkaure (D:5)
  A water moccasin (D:7)
  3 acid dragons
  A black bear (D:5)
  2 sky beasts (D:7)
  4 ice beasts
  35 orc warriors
  8 ogres
  7 centaurs
  A phantom (D:7)
  Blork the orc (D:6)
  2 kobold brigands
  5 bullfrogs
  4 scorpions
  2 gnoll sergeants (D:7)
  3 wights
  10 killer bees
  7 howler monkeys
  2 jellies
  2 bombardier beetles
  3 gnoll boudas
  4 orc priests
  Crazy Yiuf (D:7)
  7 hounds
  Ijyb (D:5)
  Natasha (thrice) (D:2)
  6 iguanas
  23 orc wizards
  4 gnolls (D:5)
  4 adders
  A shadow imp (D:7)
  3 white imps
  4 ufetubi
  A ribbon worm (D:2)
  4 dart slugs
  45 orcs
  8 endoplasms
  4 giant cockroaches
  4 goblins
  8 hobgoblins
  3 jackals (D:2)
  6 quokkas
  6 ball pythons
  7 bats
  6 frilled lizards
  14 kobolds
  6 rats
318 creatures vanquished.

Vanquished Creatures (collateral kills)
  An orc warrior (D:7)
  2 orc priests
  An orc wizard (D:7)
4 creatures vanquished.

Grand Total: 322 creatures vanquished
